AoeStats
← xXRedHoodXx

Arena

510837769Analyzed
4v4 RM · 7h ago on Oct 2, 2026· 78m 17s· 8 players
Game mode
Random Map
Map size
Large (8 player)
Population
200
Speed
Normal
Resources
Standard
Victory
Conquest
Starting age
Dark Age
Ending age
Imperial Age
RankedLock teamsTeams togetherTeam positionsShared explorationLock speedFull tech treeHidden civsTurbo modeCheats
Victory
Defeat
🇵🇱 Spanish · Poland
1088
+15
🇺🇸 Shu · United States
1057
+16
🇲🇽 Turks · Mexico
1041
+16
🇺🇸 Slavs · United States
1013
+18
🇪🇸 Chinese · Spain
1064
-17
🇹🇷 Bengalis · Türkiye
1064
-17
🇪🇸 Bohemians · Spain
1049
-16
🇲🇽 Malay · Mexico
1033
-15
ronald.lama6
0:31 Loom
11:51 Feudal Age
12:43 Double-Bit Axe
15:36 Castle Age
13:29 Horse Collar
16:55 Bow Saw
17:22 Wheelbarrow
16:49 Heavy Plow
20:33 Town Watch
21:32 Fletching
23:53 Hand Cart
24:18 Elite Skirmisher
26:51 Thumb Ring
28:18 Gold Mining
32:52 Imperial Age
30:35 Padded Archer Armor
31:46 Bodkin Arrow
32:09 Leather Archer Armor
31:46 Pikeman
32:28 Squires
33:12 Gold Shaft Mining
33:09 Scale Mail Armor
33:19 Forging
34:01 Conscription
33:43 Bracer
35:01 Ring Archer Armor
36:02 Ballistics
38:42 Chemistry
40:51 Iron Casting
40:32 Chain Mail Armor
39:59 Elite Chu Ko Nu
41:02 Rocketry
40:10 Halberdier
42:14 Elite Fire Lancer
45:27 Plate Mail Armor
45:59 Blast Furnace
45:42 Arson
46:10 Stone Mining
50:24 Two-Man Saw
56:48 Caravan
76:32 Town Patrol
Alcatraz
1:47 Loom
11:16 Feudal Age
18:22 Castle Age
16:39 Horse Collar
17:15 Double-Bit Axe
19:42 Bow Saw
19:36 Heavy Plow
21:57 Chemistry
25:21 Elite Skirmisher
32:24 Imperial Age
31:07 Fortified Wall
31:44 Padded Archer Armor
31:34 Fletching
32:18 Ballistics
33:31 Leather Archer Armor
33:12 Bodkin Arrow
35:36 Two-Man Saw
35:00 Murder Holes
37:04 Bracer
37:59 Wheelbarrow
39:13 Conscription
40:06 Ring Archer Armor
39:56 Pikeman
40:58 Hand Cart
41:01 Squires
60:22 Squires
67:09 Scale Mail Armor
67:20 Forging
xXRedHoodXx
12:23 Feudal Age
15:39 Castle Age
14:52 Double-Bit Axe
15:56 Bow Saw
29:20 Imperial Age
26:35 Loom
26:37 Town Watch
29:12 Conscription
31:32 Wheelbarrow
30:53 Gold Mining
30:53 Stone Mining
31:38 Horse Collar
31:28 Elite Karambit Warrior
34:16 Gold Shaft Mining
34:18 Stone Shaft Mining
35:50 Heavy Plow
36:06 Forced Levy
37:05 Forging
37:18 Town Patrol
37:33 Hand Cart
38:36 Squires
38:22 Arson
39:15 Iron Casting
41:07 Crossbowman
41:52 Thumb Ring
41:40 Fletching
41:50 Padded Archer Armor
41:42 Arbalester
42:22 Bodkin Arrow
43:42 Ballistics
44:23 Chemistry
45:44 Bracer
46:00 Leather Archer Armor
56:20 Elite Skirmisher
58:27 Blast Furnace
57:59 Ring Archer Armor
58:03 Man-at-Arms
58:37 Long Swordsman
59:13 Two-Handed Swordsman
64:25 Masonry
77:33 Pikeman
CoskunKaya
4:21 Loom
11:49 Feudal Age
15:43 Castle Age
13:30 Double-Bit Axe
14:12 Horse Collar
16:33 Forging
23:41 Bow Saw
24:29 Heavy Plow
25:51 Stone Mining
25:51 Gold Mining
27:11 Wheelbarrow
26:21 Town Watch
30:53 Imperial Age
30:02 Gold Shaft Mining
29:47 Hand Cart
29:39 Scale Barding Armor
30:05 Husbandry
30:15 Bloodlines
30:15 Paiks
31:01 Iron Casting
30:47 Chain Barding Armor
32:00 Conscription
33:10 Blast Furnace
32:02 Elite Battle Elephant
33:48 Crop Rotation
34:19 Two-Man Saw
34:44 Plate Barding Armor
35:22 Mahayana
37:11 Town Patrol
38:58 Chemistry
37:40 Heavy Scorpion
39:58 Siege Engineers
40:26 Fletching
40:58 Ballistics
40:50 Fortified Wall
40:36 Murder Holes
41:02 Masonry
43:44 Bodkin Arrow
44:56 Bracer
49:28 Architecture
60:16 Padded Archer Armor
60:17 Scale Mail Armor
59:59 Pikeman
60:40 Squires
60:26 Arson
60:33 Gambesons
60:19 Light Cavalry
61:16 Leather Archer Armor
62:16 Chain Mail Armor
64:41 Ring Archer Armor
64:31 Elite Skirmisher
65:08 Halberdier
66:41 Guard Tower
66:37 Arrowslits
68:43 Guard Tower
68:39 Arrowslits
71:47 Keep
71:57 Caravan
72:28 Coinage
72:09 Guilds
miltiades0490
8:04 Loom
11:34 Feudal Age
13:18 Double-Bit Axe
13:45 Horse Collar
16:19 Castle Age
17:26 Bow Saw
17:21 Heavy Plow
29:44 Imperial Age
27:51 Wheelbarrow
27:01 Town Watch
27:17 Gold Mining
28:12 Scale Barding Armor
28:03 Stone Mining
28:50 Gold Shaft Mining
29:04 Detinets
29:22 Hand Cart
29:08 Town Patrol
29:47 Chain Barding Armor
31:09 Conscription
32:44 Two-Man Saw
32:16 Crop Rotation
32:26 Plate Barding Armor
32:02 Forging
31:16 Elite Boyar
32:23 Masonry
37:30 Siege Engineers
38:26 Chemistry
39:54 Iron Casting
41:28 Hoardings
42:56 Coinage
45:26 Fletching
47:44 Banking
48:31 Druzhina
50:50 Capped Ram
50:56 Pikeman
51:38 Squires
52:13 Halberdier
52:44 Onager
52:47 Siege Ram
59:01 Caravan
62:19 Scale Mail Armor
63:20 Blast Furnace
osubuckeyes022
10:57 Feudal Age
11:24 Double-Bit Axe
11:21 Horse Collar
13:37 Gold Mining
19:36 Castle Age
17:52 Fletching
19:16 Padded Archer Armor
19:48 Crossbowman
20:30 Bodkin Arrow
20:50 Leather Archer Armor
21:57 Bow Saw
23:35 Thumb Ring
24:42 Heavy Plow
27:12 Wheelbarrow
30:42 Imperial Age
29:01 Elite Skirmisher
30:57 Ballistics
31:07 Hand Cart
30:52 Arbalester
33:07 Bolt Magazine
33:23 Bracer
36:24 Pikeman
42:12 Chemistry
42:10 Forging
42:31 Ring Archer Armor
43:17 Conscription
48:00 Two-Man Saw
49:33 Light Cavalry
52:52 Scale Mail Armor
52:58 Scale Barding Armor
53:40 Forging
Cayo
4:59 Loom
9:58 Feudal Age
15:06 Castle Age
13:33 Double-Bit Axe
14:23 Horse Collar
19:10 Fletching
23:43 Heavy Plow
23:55 Bow Saw
25:53 Wheelbarrow
25:11 Town Watch
26:33 Gold Mining
29:30 Scale Barding Armor
29:27 Padded Archer Armor
31:11 Stone Mining
34:48 Stone Shaft Mining
36:42 Leather Archer Armor
36:24 Bodkin Arrow
37:09 Masonry
36:57 Murder Holes
37:13 Masonry
37:24 Ballistics
40:46 Imperial Age
38:33 Hand Cart
38:19 Town Patrol
37:42 Pikeman
38:23 Squires
38:08 Arson
38:25 Scale Mail Armor
40:06 Chain Mail Armor
40:49 Forging
40:49 Halberdier
42:03 Plate Mail Armor
42:10 Iron Casting
42:55 Ring Archer Armor
42:26 Bracer
45:05 Blast Furnace
44:12 Scale Barding Armor
47:39 Guilds
47:54 Chain Barding Armor
47:07 Cavalier
47:10 Light Cavalry
48:01 Bloodlines
47:52 Husbandry
49:12 Two-Man Saw
49:18 Plate Barding Armor
48:33 Hussar
49:23 Bloodlines
49:14 Husbandry
51:16 Coinage
54:10 Banking
55:58 Caravan
64:53 Cavalier
67:14 Fortified Wall
67:38 Architecture
68:09 Chemistry
77:14 Paladin
tonnyverygood
11:20 Feudal Age
15:35 Castle Age
14:15 Double-Bit Axe
14:13 Horse Collar
21:39 Imperial Age
19:33 Padded Archer Armor
20:36 Leather Archer Armor
21:17 Bow Saw
29:50 Loom
31:20 Wheelbarrow
43:02 Hand Cart
44:08 Heavy Plow
45:09 Two-Man Saw
44:00 Gold Mining
44:02 Stone Mining
45:22 Ballistics
48:23 Ring Archer Armor
48:00 Artillery
48:47 Gold Shaft Mining
49:06 Conscription
49:31 Town Watch
52:06 Scale Barding Armor
54:06 Crossbowman
54:52 Fletching
55:15 Masonry
55:55 Bodkin Arrow
56:33 Architecture
57:08 Bracer
57:23 Capped Ram
60:45 Siege Ram
64:27 Chain Barding Armor
65:16 Bloodlines
66:23 Husbandry
68:51 Forging
74:23 Plate Barding Armor
74:24 Iron Casting
76:52 Caravan
Connection lost

Rejoining the realm…

Still unreachable

The connection could not be restored.

Session expired

The server has moved on; the page needs a fresh start.